 Dungeon Sprint DCSS version 0.30.1-9-gdf580d7c3d (webtiles) character file.

Game seed: 1268563387930657060

355163 Heoruswealwe the Minotaur Porcupine (level 19, -5/207 HPs)
             Began as a Minotaur Fighter on Oct 10, 2023.
             Was an Initiate of Gozag.
             Slain by a rockslime (7 damage)
             ... in the Dungeon (Sprint IX: "|||||||||||||||||||||||||||||").
             The game lasted 02:10:03 (13711 turns).

Heoruswealwe the Minotaur Porcupine (MiFi)         Turns: 13711, Time: 02:10:03

Health: -5/207     AC: 34    Str: 39    XL:     19   Next: 55%
Magic:  0/33       EV: 15    Int:  6    God:    Gozag
Gold:   3663       SH:  0    Dex:  8    Spells: 29/29 levels left

rFire   + + +        a - +18 lance "Wyrmbane" {slay drac, rPois rF+ rC+ AC+3}
rCold   + + +        d - +3 tower shield {AC+3}
rNeg    . . .        c - +11 gold dragon scales
rPois   +            g - +2 hat {Int+3}
rElec   +            h - scarf {repulsion}
rCorr   +            f - +2 pair of gloves {infuse}
SInv    +            e - +2 pair of boots of Binekayv {Contam Rampage Dex-3 SInv}
Will    +....        i - amulet of the Distant Future {Spirit MP+9 Str+4} Stlth
                     k - ring of Dogoqafi {Fly Str+6 Dex+3}
HPRegen 0.54/turn    j - ring of the Tortoise {AC+8}
MPRegen 0.23/turn

%: no teleportation, repel missiles, guardian spirit, rampage
@: confused, mighty, resistant, corroded, flying, hasted, very quick
A: horns 2, retaliatory headbutt, clumsy 1, dopey 1, low MP 1
}: 6/17 runes: decaying, serpentine, barnacled, elven, silver, gossamer
a: Renounce Religion, Potion Petition, Call Merchant, Bribe Branch


You were in the Dungeon.
You worshipped Gozag.
Gozag was most pleased with you.
You visited 1 branch You collected 44750 gold pieces.
You spent 17117 gold pieces at shops.
You paid 23970 gold pieces to Gozag.

Inventory:

Hand Weapons
 a - the +18 lance "Wyrmbane" (weapon) {slay drac, rPois rF+ rC+ AC+3}
   (You found it in the Dungeon)

   AC:        It affects your AC (+3).
   rF:        It protects you from fire.
   rC:        It protects you from cold.
   rPois:     It protects you from poison.
 b - a +7 bardiche of flaming
 m - a +9 spectral demon trident
 A - the +9 sword of Power {lifebolt}
   (You found it in the Dungeon)
 I - a +2 demon trident of flaming
Armour
 c - +11 gold dragon scales (worn)
 d - a +3 tower shield of protection (worn)
 e - the +2 pair of boots of Binekayv (worn) {Contam Rampage Dex-3 SInv}
   (You bought it in a shop in the Dungeon)

   Dex:       It affects your dexterity (-3).
   SInv:      It lets you see invisible.
   Contam:    It causes magical contamination when unequipped.
   Rampage:   It bestows one free step when moving towards enemies.
 f - a +2 pair of gloves of infusion (worn)
 g - a +2 hat of intelligence (worn)
 h - a scarf of repulsion (worn)
 w - the +1 cloak "Wusaam" {Regen+ MP+9}
   (You bought it in a shop in the Dungeon)

   MP:        It affects your magic capacity (+9).
   Regen:     It increases your rate of health regeneration.
 z - the +0 pair of fencer's gloves {Riposte Dex+3}
   (You bought it in a shop in the Dungeon)

   Riposte:   It allows the wearer to riposte with melee weapons, swiftly
   retaliating against missed or blocked melee attacks.
   Dex:       It affects your dexterity (+3).
Jewellery
 i - the amulet of the Distant Future (around neck) {Spirit MP+9 Str+4}
   (You found it in the Dungeon)

   [amulet of guardian spirit]

   It causes incoming damage to be divided between your reserves of health and
   magic.
   Str:       It affects your strength (+4).
   MP:        It affects your magic capacity (+9).
 j - the ring of the Tortoise (right hand) {AC+8}
   (You bought it in a shop in the Dungeon)

   [ring of protection]

   AC:        It affects your AC (+8).
 k - the ring of Dogoqafi (left hand) {Fly Str+6 Dex+3}
   (You bought it in a shop in the Dungeon)

   [ring of flight]

   Str:       It affects your strength (+6).
   Dex:       It affects your dexterity (+3).
   Fly:       It grants you flight.
 C - a ring of protection from fire
 D - a ring of protection from fire
Wands
 p - a wand of roots (6)
 r - a wand of mindburst (9)
 s - a wand of acid (16)
 t - a wand of flame (14)
 u - a wand of charming (4)
 B - a wand of polymorph (8)
Scrolls
 v - 6 scrolls of identify
Potions
 l - 3 potions of mutation
 G - 3 potions of haste
 L - 2 potions of resistance
Miscellaneous
 n - a tin of tremorstones (2/2)
 q - a phial of floods
 x - a phantom mirror
 y - a lightning rod (4/4)
 E - a box of beasts


   Skills:
 O Level 27 Fighting
 O Level 27 Axes
 + Level 24.7(27) Maces & Flails
 O Level 27 Polearms
 + Level 21.9(27) Staves
 + Level 18.8 Throwing
 O Level 27 Armour
 O Level 27 Dodging
 O Level 27 Shields
 + Level 5.9 Spellcasting
 O Level 27 Evocations


You had 29 spell levels left.
You didn't know any spells.
Your spell library was empty.

Dungeon Overview and Level Annotations

Branches:
Dungeon (1/1)

Altars:
Cheibriados
Dithmenos
Elyvilon
Fedhas
Gozag
Hepliaklqana
Kikubaaqudgha
Makhleb
Nemelex Xobeh
Okawaru
Qazlal
Ru
Sif Muna
Trog
Uskayaw
Vehumet
Wu Jian
Xom
Yredelemnul
Zin
The Shining One
Jiyva
Lugonu

Shops:
D ?(***:[**[=**[**=*


Innate Abilities, Weirdness & Mutations

You have a pair of horns on your head.
You reflexively headbutt those who attack you in melee.
You are clumsy. (Dex -2)
You are dopey. (Int -2)
Your magical capacity is low. (-10% MP)


Message History

You are too confused!
You bump into the unnaturally hard rock wall.
The rockslime hits you.
* * * LOW HITPOINT WARNING * * *
You hold your ground!
The rockslime closely misses you. The golden eye blinks at you.
You are more confused.
You bump into the unnaturally hard rock wall.
The rockslime hits you!
* * * LOW HITPOINT WARNING * * *
You hold your ground!
The rockslime hits you but does no damage.
The golden eye blinks at you. You resist with almost no effort.
You hit the rockslime but do no damage.
You headbutt the rockslime, but do no damage.
The rockslime is lightly wounded.
The rockslime hits you but does no damage.
The golden eye blinks at you. You resist with almost no effort.
The rockslime hits you!!
* * * LOW HITPOINT WARNING * * *
You hold your ground!
You are too confused!
You are too confused!
You feel yourself speed up.
The rockslime is no longer covered in acid.
The rockslime hits you!
* * * LOW HITPOINT WARNING * * *
You hold your ground!
The rockslime closely misses you.
You feel very mighty all of a sudden.
The rockslime hits you but does no damage.
The rockslime barely misses you.
You hit the rockslime but do no damage.
The rockslime is lightly wounded.
The golden eye blinks at you. You resist with some effort.
You bump into the unnaturally hard rock wall.
The rockslime hits you!
You die...
Your body crumbles into a pile of gold.

*,,,,,,,,,,,,,,,,,,,,,,+,+,,,,
******************************
*,,,,,,,,,,,,,,,,,,,,,,,,,,,,,
*,****************************
*,,,,,,+,,,,,,,,,,,+,,,,,,,,,+
******************************
*,,,,,,,,,,,,,,,,,,,,,,,,,,,,,
*,****▓▓▓▓▓▓▓▓▓▓▓▓▓▓▓▓▓▓▓▓▓▓▓▓


*,,,,,+JJGJJJ@JJJJJ..$JJJJJ))) ▓▓▓▓▓▓▓▓▓▓▓▓▓▓▓▓▓▓▓▓▓▓▓▓▓▓▓▓▓▓
▓............................. ▓.▓▓▓▓▓▓▓▓▓▓▓▓▓▓▓▓▓▓▓▓▓▓▓▓▓▓▓▓
▓..'.......0......'.....)....) ▓▓▓▓▓▓▓▓▓▓▓▓▓▓▓▓▓▓▓▓▓▓▓▓▓▓▓▓▓▓
▓............................. ▓.▓▓▓▓▓▓▓▓▓▓▓▓▓▓▓▓▓▓▓▓▓▓▓▓▓▓▓▓
▓....'....))))[')..).)..))..)) You could see 4 acid blobs, 5 rockslimes, a
quicksilver ooze and a golden eye.

Vanquished Creatures
  the Royal Jelly (D)
  4 orbs of fire (D)
  7 ancient liches (D)
  Mennas (D)
  Mara (D)
  Sojobo (D)
  Frederick (D)
  Xtahua (D)
  A curse toe (D)
  A Killer Klown (D)
  4 golden dragons (D)
  Nikola (D)
  3 electric golems (D)
  2 tentacled monstrosities (D)
  2 liches (D)
  27 Orb Guardians (D)
  A deep elf master archer (D)
  A deep elf blademaster (D)
  2 quicksilver dragons (D)
  Gastronok (D)
  4 death cobs (D)
  Kirke (D)
  6 acid blobs (D)
  4 storm dragons (D)
  3 tengu reavers (D)
  Donald (D)
  10 shadow dragons (D)
  4 nagarajas (D)
  Ilsuiw (D)
  2 draconian knights (D)
  3 fire giants (D)
  2 rockslimes (D)
  An emperor scorpion (D)
  3 deep elf sorcerers (D)
  2 azure jellies (D)
  2 vault wardens (D)
  A ghost moth (D)
  3 frost giants (D)
  2 draconian scorchers (D)
  An orc warlord (D)
  4 draconian annihilators (D)
  A war gargoyle (D)
  2 stone giants (D)
  2 draconian stormcallers (D)
  2 very ugly things (D)
  3 ironbound preservers (D)
  5 ironbound thunderhulks (D)
  3 black draconians (D)
  8 vampire knights (D)
  3 green draconians (D)
  6 white draconians (D)
  4 deep elf annihilators (D)
  A deep elf demonologist (D)
  3 dire elephants (D)
  3 yellow draconians (D)
  A deep elf death mage (D)
  3 ettins (D)
  2 fire dragons (D)
  2 entropy weavers (D)
  5 merfolk javelineers (D)
  4 merfolk impalers (D)
  5 deep elf high priests (D)
  4 yaktaur captains (D)
  A great orb of eyes (D)
  5 ice dragons (D)
  3 rakshasas (D)
  6 hydras (D)
  25 vault guards (D)
  2 centaur warriors (D)
  Harold (D)
  A merfolk avatar (D)
  3 ogre magi (D)
  2 merfolk aquamancers (D)
  4 naga warriors (D)
  3 deep troll earth magi (D)
  An alligator snapping turtle (D)
  3 boulder beetles (D)
  A vampire mage (D)
  A deep troll shaman (D)
  2 tengu warriors (D)
  A shock serpent (D)
  A naga sharpshooter (D)
  A fire crab (D)
  2 spriggan berserkers (D)
  2 hell knights (D)
  Nergalle (D)
  A skyshark (D)
  A sun moth (D)
  A skeletal warrior (D)
  A glowing orange brain (D)
  5 swamp dragons (D)
  3 goliath frogs (D)
  6 deep trolls (D)
  3 ironbound convokers (D)
  2 harpies (D)
  A phantasmal warrior (D)
  6 orc knights (D)
  An orc sorcerer (D)
  5 wolf spiders (D)
  An ugly thing (D)
  A will-o-the-wisp (D)
  A manticore (shapeshifter) (D)
  2 manticores (D)
  A moth of wrath (shapeshifter) (D)
  7 elephants (D)
  3 merfolk sirens (D)
  3 guardian serpents (D)
  Maurice (D)
  2 vault sentinels (D)
  4 naga magi (D)
  11 moths of wrath (D)
  4 black mambas (D)
  3 demonic crawlers (D)
  3 cane toads (D)
  2 torpor snails (D)
  A komodo dragon (D)
  A yaktaur (D)
  A kobold demonologist (D)
  2 tengu conjurers (D)
  3 merfolk (D)
  3 trolls (D)
  A hornet (D)
  A tyrant leech (D)
  A tarantella (D)
  A polar bear (shapeshifter) (D)
  2 slime creatures (D)
  A slime creature (shapeshifter) (D)
  5 jumping spiders (D)
  11 spriggans (D)
  A culicivora (D)
  4 yaks (D)
  Grum (D)
  A wyvern (shapeshifter) (D)
  4 humans (D)
  A vampire mosquito (D)
  2 nagas (D)
  An acid dragon (D)
  2 floating eyes (D)
  5 water moccasins (D)
  3 swamp drakes (D)
  7 orc warriors (D)
  A black bear (D)
  4 wolves (D)
  A centaur (D)
  A kobold brigand (D)
  2 bullfrogs (D)
  A gnoll sergeant (D)
  A scorpion (D)
  A wight (D)
  A howler monkey (D)
  3 orc priests (D)
  2 orc wizards (D)
  An adder (D)
  3 dart slugs (D)
  9 orcs (D)
  An endoplasm (D)
  A kobold (D)
  A bat (D)
452 creatures vanquished.

Vanquished Creatures (others)
  A goliath frog (D)
  A bloated husk (D)
  A foxfire (D)
3 creatures vanquished.

Grand Total: 455 creatures vanquished

Notes
Turn   | Place    | Note
-------+----------+-------------------------------------------
     0 | D        | Heoruswealwe the Minotaur Fighter began the quest for the
                  | Orb.
     0 | D        | Reached XP level 1. HP: 19/19 MP: 0/0
    16 | D        | Reached XP level 2. HP: 26/28 MP: 1/1
   122 | D        | Noticed a scorpion
   122 | D        | Noticed a black bear
   127 | D        | Reached skill level 5 in Polearms
   135 | D        | Killed a black bear
   136 | D        | Reached XP level 3. HP: 25/38 MP: 2/2
   136 | D        | Reached XP level 4. HP: 29/45 MP: 3/3
   140 | D        | Killed a scorpion
   141 | D        | Reached XP level 5. HP: 32/52 MP: 4/4
   150 | D        | Found a snail-covered altar of Cheibriados.
   150 | D        | Found a shadowy altar of Dithmenos.
   150 | D        | Found a white marble altar of Elyvilon.
   150 | D        | Found a blossoming altar of Fedhas.
   150 | D        | Found an opulent altar of Gozag.
   151 | D        | Found a hazy altar of Hepliaklqana.
   152 | D        | Found a viscous altar of Jiyva.
   153 | D        | Found an ancient bone altar of Kikubaaqudgha.
   154 | D        | Found a corrupted altar of Lugonu.
   155 | D        | Found a burning altar of Makhleb.
   156 | D        | Found a sparkling altar of Nemelex Xobeh.
   157 | D        | Found an iron altar of Okawaru.
   158 | D        | Became a worshipper of Gozag Ym Sagoz the Greedy
   159 | D        | Found a stormy altar of Qazlal.
   160 | D        | Found a sacrificial altar of Ru.
   161 | D        | Found a shimmering blue altar of Sif Muna.
   162 | D        | Found a bloodstained altar of Trog.
   163 | D        | Found a hide-covered altar of Uskayaw.
   164 | D        | Found a radiant altar of Vehumet.
   165 | D        | Found an ornate altar of the Wu Jian Council.
   166 | D        | Found a shimmering altar of Xom.
   167 | D        | Found a basalt altar of Yredelemnul.
   168 | D        | Found a glowing silver altar of Zin.
   169 | D        | Found a glowing golden altar of the Shining One.
   214 | D        | Noticed a yak
   214 | D        | Noticed a centaur
   223 | D        | Reached skill level 10 in Polearms
   225 | D        | Killed a centaur
   226 | D        | Reached XP level 6. HP: 55/62 MP: 5/5
   230 | D        | Killed a yak
   238 | D        | Reached XP level 7. HP: 41/71 MP: 6/6
   242 | D        | Reached skill level 10 in Fighting
   242 | D        | Reached skill level 10 in Armour
   340 | D        | Noticed a slime creature
   340 | D        | Noticed an entropy weaver
   340 | D        | Noticed a centaur warrior
   340 | D        | Noticed a kobold demonologist
   340 | D        | Noticed a boulder beetle
   340 | D        | Noticed a boulder beetle
   342 | D        | an entropy weaver changed into a raiju
   342 | D        | Noticed a raiju (shapeshifter)
   344 | D        | a raiju changed into a hornet
   344 | D        | Noticed a hornet (shapeshifter)
   346 | D        | Noticed a red devil
   350 | D        | Killed a kobold demonologist
   354 | D        | Killed a boulder beetle
   355 | D        | Reached skill level 15 in Polearms
   355 | D        | Reached XP level 8. HP: 38/82 MP: 7/7
   358 | D        | a hornet changed into a rime drake
   358 | D        | Noticed a rime drake (shapeshifter)
   360 | D        | Killed a centaur warrior
   365 | D        | a rime drake changed into a polar bear
   365 | D        | Noticed a polar bear (shapeshifter)
   367 | D        | Killed a polar bear
   368 | D        | Reached XP level 9. HP: 34/92 MP: 8/8
   376 | D        | Killed a boulder beetle
   716 | D        | Noticed a cane toad
   733 | D        | Killed a cane toad
   741 | D        | Reached XP level 10. HP: 73/104 MP: 9/9
   823 | D        | Noticed an elephant
   823 | D        | Noticed a fire crab
   823 | D        | Noticed a black mamba
   823 | D        | Noticed a cane toad
   826 | D        | Killed a cane toad
   831 | D        | Killed a black mamba
   832 | D        | Noticed a cane toad
   836 | D        | Noticed a skyshark
   839 | D        | Killed a fire crab
   840 | D        | Reached skill level 15 in Fighting
   840 | D        | Reached skill level 15 in Armour
   843 | D        | Killed an elephant
   855 | D        | Killed a cane toad
   861 | D        | Killed a skyshark
  1029 | D        | Noticed an elephant
  1029 | D        | Noticed a dire elephant
  1029 | D        | Noticed an elephant
  1029 | D        | Noticed an elephant
  1029 | D        | Noticed an elephant
  1029 | D        | Noticed an elephant
  1034 | D        | Killed an elephant
  1038 | D        | Killed an elephant
  1046 | D        | HP: 3/107 [dire elephant (28)]
  1050 | D        | Killed a dire elephant
  1051 | D        | Reached XP level 11. HP: 4/115 MP: 10/10
  1364 | D        | Noticed a dire elephant
  1377 | D        | Killed a dire elephant
  1583 | D        | Noticed Maurice
  1583 | D        | Noticed Grum
  1591 | D        | Killed Grum
  1605 | D        | Killed Maurice
  1767 | D        | Noticed an orc knight
  1775 | D        | Killed an orc knight
  2037 | D        | Noticed an orc knight
  2040 | D        | Noticed an orc knight
  2041 | D        | Noticed an orc knight
  2045 | D        | Noticed an orc sorcerer
  2055 | D        | Killed an orc knight
  2063 | D        | Killed an orc knight
  2070 | D        | Killed an orc knight
  2073 | D        | Killed an orc sorcerer
  2248 | D        | Found Onkut's Assorted Antiques.
  2248 | D        | Noticed an ogre mage
  2248 | D        | Noticed a deep troll
  2248 | D        | Noticed a stone giant
  2248 | D        | Noticed a deep troll
  2254 | D        | Killed a stone giant
  2263 | D        | Killed a deep troll
  2264 | D        | Reached XP level 12. HP: 72/128 MP: 11/11
  2269 | D        | Killed an ogre mage
  2275 | D        | Noticed an ogre mage
  2276 | D        | Found Qetar's General Store.
  2288 | D        | Killed an ogre mage
  2307 | D        | Found Dipsul's Antique Armour Boutique.
  2311 | D        | Found Yxkomn's Book Shop.
  2349 | D        | Noticed an ogre mage
  2359 | D        | Paralysed by something for 4 turns
  2372 | D        | Killed an ogre mage
  2687 | D        | Bought a scroll of blinking for 180 gold pieces
  2687 | D        | Bought a scroll labelled HIMUDGH ERYOBOU for 24 gold pieces
  2689 | D        | Bought 3 scrolls of identify for 72 gold pieces
  2689 | D        | Bought a scroll of enchant armour for 90 gold pieces
  2689 | D        | Bought a potion of flight for 36 gold pieces
  2689 | D        | Bought the +2 pair of boots of Binekayv {Contam Rampage
                  | Dex-3 SInv} for 174 gold pieces
  2689 | D        | Bought a lightning rod (4/4) for 360 gold pieces
  2689 | D        | Bought a potion of brilliance for 48 gold pieces
  2718 | D        | Bought a shimmering cloak for 285 gold pieces
  2718 | D        | Identified the +1 cloak "Wusaam" {Regen+ MP+9} (You bought
                  | it in a shop in the Dungeon)
  2718 | D        | Bought a pair of runed gloves for 225 gold pieces
  2718 | D        | Bought the +0 pair of fencer's gloves {Riposte Dex+3} for
                  | 1200 gold pieces
  2718 | D        | Found the +0 pair of fencer's gloves {Riposte Dex+3}
  2765 | D        | Bought a scroll of identify for 28 gold pieces
  2765 | D        | Bought a scarf of repulsion for 168 gold pieces
  2765 | D        | Bought a scroll of identify for 28 gold pieces
  2765 | D        | Bought the +10 plate armour of Fabulous Awe {rN+} for 1178
                  | gold pieces
  2815 | D        | Bought the ring of the Tortoise {AC+8} for 2688 gold pieces
  2815 | D        | Found the ring of the Tortoise {AC+8}
  2815 | D        | Bought a wand of flame (13) for 191 gold pieces
  2815 | D        | Bought a potion of curing for 63 gold pieces
  2815 | D        | Bought a scroll of blinking for 157 gold pieces
  2815 | D        | Bought a scroll labelled TESKIQ DEYKLAZ for 21 gold pieces
  2815 | D        | Bought a potion of berserk rage for 105 gold pieces
  2884 | D        | Noticed Gastronok
  2898 | D        | Killed Gastronok
  2913 | D        | Noticed Harold
  2922 | D        | Killed Harold
  3042 | D        | Noticed a centaur warrior
  3047 | D        | Killed a centaur warrior
  3051 | D        | Noticed a deep troll earth mage
  3057 | D        | Noticed a tengu warrior
  3070 | D        | Reached skill level 27 in Polearms
  3072 | D        | Reached skill level 1 in Dodging
  3075 | D        | Reached skill level 1 in Evocations
  3075 | D        | Noticed a fire dragon
  3078 | D        | Noticed a vampire mage
  3091 | D        | Killed a deep troll earth mage
  3092 | D        | Reached skill level 5 in Shields
  3092 | D        | Noticed a frost giant
  3093 | D        | Killed a tengu warrior
  3096 | D        | Reached XP level 13. HP: 86/141 MP: 12/12
  3102 | D        | Killed a fire dragon
  3118 | D        | Reached skill level 5 in Dodging
  3121 | D        | Killed a frost giant
  3418 | D        | Noticed Nergalle
  3422 | D        | Killed Nergalle
  3459 | D        | Bought a masterwork plate armour for 784 gold pieces
  3459 | D        | Identified the +2 plate armour "Qaif" {Fly} (You bought it
                  | in a shop in the Dungeon)
  3459 | D        | Bought a scroll of blinking for 210 gold pieces
  3459 | D        | Bought a scroll of enchant armour for 210 gold pieces
  3459 | D        | Bought a scroll labelled VIRATHR GASAXI for 28 gold pieces
  3486 | D        | Reached skill level 5 in Evocations
  3757 | D        | Reached skill level 10 in Shields
  3887 | D        | Noticed Kirke
  3893 | D        | Killed Kirke
  3901 | D        | Bought a potion of curing for 114 gold pieces
  3901 | D        | Bought a box of beasts for 1520 gold pieces
  3975 | D        | Noticed Donald
  3994 | D        | Killed Donald
  4175 | D        | Noticed a stone giant
  4175 | D        | Noticed a frost giant
  4175 | D        | Noticed a lich
  4189 | D        | Killed a lich
  4190 | D        | Reached skill level 10 in Dodging
  4196 | D        | Noticed an ettin
  4200 | D        | Killed a frost giant
  4200 | D        | a wolf spider changed into a spark wasp
  4200 | D        | Noticed a spark wasp (glowing shapeshifter)
  4201 | D        | Noticed a fire giant
  4201 | D        | a spark wasp changed into a satyr
  4204 | D        | Killed a stone giant
  4205 | D        | Reached XP level 14. HP: 107/155 MP: 13/13
  4228 | D        | Killed a fire giant
  4239 | D        | HP: 3/155 [ettin/+0 dire flail (24)]
  4253 | D        | HP: 6/157 [rakshasa/+0 whip (5)]
  4300 | D        | Noticed a fire giant
  4307 | D        | Killed a fire giant
  4664 | D        | Noticed a frost giant
  4666 | D        | Noticed a fire giant
  4670 | D        | Killed a frost giant
  4676 | D        | Reached skill level 10 in Evocations
  4694 | D        | Killed a fire giant
  4836 | D        | Noticed an ironbound thunderhulk
  4836 | D        | Noticed an ironbound preserver
  4836 | D        | Noticed an ironbound preserver
  4845 | D        | Noticed an ironbound thunderhulk
  4848 | D        | Noticed an ironbound preserver
  4854 | D        | Killed an ironbound thunderhulk
  4856 | D        | Killed an ironbound preserver
  4859 | D        | Killed an ironbound preserver
  4863 | D        | Killed an ironbound thunderhulk
  4863 | D        | Killed an ironbound preserver
  4873 | D        | Noticed an ironbound thunderhulk
  4877 | D        | Noticed an ironbound thunderhulk
  4882 | D        | Noticed an orc warlord
  4891 | D        | Killed an ironbound thunderhulk
  4892 | D        | Reached skill level 15 in Shields
  4895 | D        | Noticed an ironbound thunderhulk
  4902 | D        | Killed an ironbound thunderhulk
  4906 | D        | Killed an ironbound thunderhulk
  4911 | D        | Killed an orc warlord
  5204 | D        | Bought a scroll of blinking for 127 gold pieces
  5204 | D        | Bought a scroll of silence for 161 gold pieces
  5204 | D        | Bought a scroll of enchant armour for 127 gold pieces
  5204 | D        | Bought a scroll of identify for 34 gold pieces
  5204 | D        | Bought a scroll of identify for 34 gold pieces
  5204 | D        | Bought a scroll of brand weapon for 161 gold pieces
  5204 | D        | Bought a scroll of immolation for 68 gold pieces
  5262 | D        | Noticed Frederick
  5273 | D        | Killed Frederick
  5305 | D        | Found the +8 lance "Wyrmbane" {slay drac, rPois rF+ rC+
                  | AC+3}
  5319 | D        | Got the +2 glaive of Fegofetz {elec, Str+4}
  5336 | D        | Got the +3 plate armour of the Yeti {Harm rPois Dex+2}
  5573 | D        | Noticed Ilsuiw
  5590 | D        | Reached XP level 15. HP: 168/168 MP: 0/14
  5602 | D        | Killed Ilsuiw
  5624 | D        | Reached skill level 15 in Dodging
  5666 | D        | Got a barnacled rune of Zot
  5802 | D        | Got a decaying rune of Zot
  5903 | D        | Noticed an emperor scorpion
  5951 | D        | Killed an emperor scorpion
  6004 | D        | Got a gossamer rune of Zot
  6092 | D        | Noticed a nagaraja
  6092 | D        | Noticed a nagaraja
  6092 | D        | Noticed a nagaraja
  6100 | D        | Noticed a nagaraja
  6108 | D        | Killed a nagaraja
  6120 | D        | Killed a nagaraja
  6127 | D        | Killed a nagaraja
  6132 | D        | Killed a nagaraja
  6161 | D        | Got a serpentine rune of Zot
  6286 | D        | Noticed Mennas
  6303 | D        | Killed Mennas
  6304 | D        | Reached skill level 15 in Evocations
  6446 | D        | Bought a tin of tremorstones (2/2) for 600 gold pieces
  6446 | D        | Bought a scroll of poison for 60 gold pieces
  6446 | D        | Bought a wand of acid (6) for 378 gold pieces
  6458 | D        | Bought a scroll of brand weapon for 323 gold pieces
  6458 | D        | Bought a copper wand for 136 gold pieces
  6458 | D        | Bought a bone wand for 136 gold pieces
  6458 | D        | Bought a potion of resistance for 340 gold pieces
  6458 | D        | Bought a phantom mirror for 1360 gold pieces
  6458 | D        | Bought a potion of resistance for 340 gold pieces
  6549 | D        | Reached skill level 27 in Fighting
  6549 | D        | Reached skill level 27 in Armour
  6624 | D        | Reached XP level 16. HP: 158/183 MP: 0/15
  9041 | D        | Noticed an ancient lich
  9052 | D        | Reached skill level 1 in Axes
  9079 | D        | Killed an ancient lich
  9088 | D        | Noticed a shadow dragon
  9096 | D        | Reached skill level 5 in Axes
  9115 | D        | Killed a shadow dragon
  9116 | D        | Identified the +2 leather armour "Cuyscho" {Int+5}
  9117 | D        | Noticed a shadow dragon
  9118 | D        | Noticed a tengu reaver
  9134 | D        | Killed a shadow dragon
  9144 | D        | Killed a tengu reaver
  9144 | D        | HP: 2/183 [deep elf high priest/a malign offering (23)]
  9377 | D        | Noticed a shadow dragon
  9377 | D        | Noticed a shadow dragon
  9377 | D        | Noticed a golden dragon
  9377 | D        | Noticed a shadow dragon
  9378 | D        | Noticed an ancient lich
  9389 | D        | Noticed a shadow dragon
  9391 | D        | Killed a shadow dragon
  9396 | D        | Killed a golden dragon
  9414 | D        | Killed a shadow dragon
  9422 | D        | Killed an ancient lich
  9423 | D        | Reached skill level 10 in Axes
  9433 | D        | Killed a shadow dragon
  9592 | D        | Killed a shadow dragon
  9610 | D        | Got a silver rune of Zot
  9668 | D        | Noticed Nikola
  9678 | D        | Killed Nikola
  9759 | D        | Noticed Xtahua
  9767 | D        | Killed Xtahua
  9796 | D        | Bought a wand of acid (2) for 369 gold pieces
  9796 | D        | Bought a scroll of identify for 88 gold pieces
  9796 | D        | Bought a scroll labelled PUUSEF EBU for 44 gold pieces
  9796 | D        | Bought a glowing bone wand for 176 gold pieces
  9796 | D        | Bought a wand of acid (4) for 739 gold pieces
  9796 | D        | Bought a wand of mindburst (8) for 492 gold pieces
  9809 | D        | Got the ring of Ohelamy {rPois rCorr Str-4 Int+3 Dex+4}
  9811 | D        | Got the amulet of Exhibitionism {Spirit Will+}
  9812 | D        | Found the +9 sword of Power {lifebolt}
  9815 | D        | Got the ring "Naynos" {Fire Dex+2}
  9817 | D        | Got the amulet of the Distant Future {Spirit MP+9 Str+4}
  9819 | D        | Got the ring of Divvyuc {Ice SInv}
  9948 | D        | Noticed Mara
  9970 | D        | Killed Mara
 10038 | D        | Noticed a tengu reaver
 10038 | D        | Noticed Sojobo
 10039 | D        | Noticed a tengu reaver
 10047 | D        | Killed a tengu reaver
 10061 | D        | Killed Sojobo
 10061 | D        | Killed a tengu reaver
 10165 | D        | Noticed a shadow dragon
 10176 | D        | Killed a shadow dragon
 10184 | D        | Reached XP level 17. HP: 187/191 MP: 16/16
 10384 | D        | Reached skill level 15 in Axes
 10513 | D        | Noticed a tentacled monstrosity
 10521 | D        | Killed a tentacled monstrosity
 10684 | D        | Noticed a curse toe
 10688 | D        | Noticed a quicksilver dragon
 11031 | D        | Killed a curse toe
 11040 | D        | Killed a quicksilver dragon
 11242 | D        | Noticed a golden dragon
 11251 | D        | Noticed an orb of fire
 11261 | D        | Killed a golden dragon
 11277 | D        | Killed an orb of fire
 11283 | D        | Reached skill level 27 in Shields
 11544 | D        | Noticed a tentacled monstrosity
 11544 | D        | Noticed a quicksilver dragon
 11546 | D        | Killed a quicksilver dragon
 11553 | D        | Reached skill level 1 in Maces & Flails
 11559 | D        | Killed a tentacled monstrosity
 11592 | D        | Reached skill level 5 in Maces & Flails
 11766 | D        | Bought the ring of Dogoqafi {Fly Str+6 Dex+3} for 607 gold
                  | pieces
 11772 | D        | Noticed an Orb Guardian
 11772 | D        | Noticed an Orb Guardian
 11772 | D        | Noticed an Orb Guardian
 11772 | D        | Noticed an Orb Guardian
 11772 | D        | Noticed an Orb Guardian
 11772 | D        | Noticed an Orb Guardian
 11783 | D        | Killed an Orb Guardian
 11791 | D        | Killed an Orb Guardian
 11792 | D        | Noticed an Orb Guardian
 11792 | D        | Noticed an Orb Guardian
 11801 | D        | Killed an Orb Guardian
 11806 | D        | Killed an Orb Guardian
 11813 | D        | Killed an Orb Guardian
 11814 | D        | Noticed an Orb Guardian
 11820 | D        | Killed an Orb Guardian
 11821 | D        | Noticed an Orb Guardian
 11827 | D        | Killed an Orb Guardian
 11835 | D        | Killed an Orb Guardian
 11836 | D        | Reached XP level 18. HP: 182/200 MP: 0/17
 11840 | D        | Killed an Orb Guardian
 11846 | D        | Killed an Orb Guardian
 11976 | D        | Noticed an Orb Guardian
 11976 | D        | Noticed an Orb Guardian
 11988 | D        | Killed an Orb Guardian
 11988 | D        | Noticed an Orb Guardian
 11989 | D        | Reached skill level 10 in Maces & Flails
 11997 | D        | Killed an Orb Guardian
 12001 | D        | Noticed an Orb Guardian
 12015 | D        | Killed an Orb Guardian
 12016 | D        | Reached skill level 27 in Evocations
 12024 | D        | Killed an Orb Guardian
 12097 | D        | Noticed an ancient lich
 12108 | D        | Killed an ancient lich
 12109 | D        | Reached skill level 27 in Dodging
 12153 | D        | Noticed an orb of fire
 12161 | D        | Killed an orb of fire
 12236 | D        | Noticed an electric golem
 12244 | D        | Killed an electric golem
 12245 | D        | Reached skill level 5 in Staves
 12286 | D        | Noticed a golden dragon
 12286 | D        | Noticed a Killer Klown
 12286 | D        | Noticed an Orb Guardian
 12287 | D        | Noticed an orb of fire
 12297 | D        | Noticed an orb of fire
 12299 | D        | Killed an Orb Guardian
 12300 | D        | Reached skill level 5 in Throwing
 12305 | D        | Noticed an electric golem
 12310 | D        | Gained mutation: You are dopey. (Int -2) [an orb of fire]
 12314 | D        | Gained mutation: Your magical capacity is low. (-10% MP)
                  | [an orb of fire]
 12317 | D        | Noticed an electric golem
 12319 | D        | Killed an orb of fire
 12322 | D        | Gained mutation: You are clumsy. (Dex -2) [an orb of fire]
 12331 | D        | Killed an orb of fire
 12332 | D        | Reached skill level 15 in Maces & Flails
 12332 | D        | Noticed an ancient lich
 12340 | D        | Noticed a golden dragon
 12349 | D        | Killed an electric golem
 12362 | D        | Killed an ancient lich
 12363 | D        | Reached skill level 10 in Staves
 12365 | D        | Killed a golden dragon
 12370 | D        | Killed a golden dragon
 12375 | D        | Reached skill level 10 in Throwing
 12381 | D        | Killed an electric golem
 12384 | D        | Killed a Killer Klown
 12549 | D        | Noticed an Orb Guardian
 12549 | D        | Noticed an Orb Guardian
 12549 | D        | Noticed an Orb Guardian
 12549 | D        | Noticed an Orb Guardian
 12549 | D        | Noticed an Orb Guardian
 12549 | D        | Noticed an Orb Guardian
 12557 | D        | Killed an Orb Guardian
 12564 | D        | Killed an Orb Guardian
 12570 | D        | Killed an Orb Guardian
 12573 | D        | Killed an Orb Guardian
 12578 | D        | Killed an Orb Guardian
 12584 | D        | Killed an Orb Guardian
 12587 | D        | Noticed an Orb Guardian
 12587 | D        | Noticed an Orb Guardian
 12590 | D        | Noticed an Orb Guardian
 12590 | D        | Noticed an Orb Guardian
 12591 | D        | Noticed an Orb Guardian
 12597 | D        | Killed an Orb Guardian
 12605 | D        | Killed an Orb Guardian
 12606 | D        | Noticed an Orb Guardian
 12615 | D        | Killed an Orb Guardian
 12616 | D        | Reached skill level 15 in Staves
 12623 | D        | Killed an Orb Guardian
 12634 | D        | Killed an Orb Guardian
 12642 | D        | Killed an Orb Guardian
 12863 | D        | Bought a fizzy coppery potion for 30 gold pieces
 12875 | D        | Noticed an ancient lich
 12875 | D        | Noticed a lich
 12881 | D        | Killed a lich
 12888 | D        | Paralysed by a vampire knight for 5 turns
 12891 | D        | Noticed an ancient lich
 12899 | D        | Noticed an ancient lich
 12904 | D        | Killed an ancient lich
 12905 | D        | Reached XP level 19. HP: 154/207 MP: 1/16
 12919 | D        | Killed an ancient lich
 12920 | D        | Reached skill level 15 in Throwing
 12930 | D        | Killed an ancient lich
 12931 | D        | Reached skill level 27 in Axes
 13432 | D        | Reached skill level 1 in Spellcasting
 13465 | D        | Got an elven rune of Zot
 13613 | D        | Paralysed by a floating eye for 3 turns
 13625 | D        | Paralysed by a floating eye for 4 turns
 13639 | D        | Noticed the Royal Jelly
 13658 | D        | Reached skill level 5 in Spellcasting
 13693 | D        | Killed the Royal Jelly
 13707 | D        | HP: 7/207 [rockslime (19)]
 13708 | D        | HP: 1/207 [rockslime (7)]
 13711 | D        | Slain by a rockslime

Illustrated notes

Levels and vault maps discovered:
D:        linesprint [early_d, line_temple, items_1, d_10, items_2, lair_1,
          lair_end, items_3, orc_1, orc_end, items_4, d_15, swamp_1, shoals_1,
          snake_1, spider_1, d_20, vaults_1, items_5, swamp_end, shoals_end,
          snake_end, spider_end, vaults_end, d_27, items_6, zot_1, zot_end,
          crypt_end, forest_end, elf_end, slime_end, tomb_end, abyss_end,
          pan_hell_end]

Skill      XL: |  1  2  3  4  5  6  7  8  9 10 11 12 13 14 15 16 17 18 19 |
---------------+----------------------------------------------------------+-----
Fighting       | 4 6 7 8 9 11 12 14 16 18 20 22 24 27 | 27.0
Polearms       | 4 8 9 11 13 15 17 19 22 24 27 | 27.0
Armour         | 4 6 7 8 9 11 12 14 16 18 20 22 24 27 | 27.0
Dodging        | 4 10 14 18 22 26 27 | 27.0
Shields        | 5 12 16 20 24 27 | 27.0
Evocations     | 3 8 12 16 21 26 27 | 27.0
Axes           | 13 20 26 27 | 27.0
Maces & Flails | 8 20 24 | 24.7
Staves         | 16 21 | 21.9
Throwing       | 14 18 | 18.8
Spellcasting   | 5 |  5.9

Action                     |  1- 3 |  4- 6 |  7- 9 | 10-12 | 13-15 | 16-18 | 19-21 || total
---------------------------+-------+-------+-------+-------+-------+-------+-------++-------
  Melee: Trident           |    21 |     8 |       |       |       |       |       ||    29
         Headbutt          |     4 |     5 |    11 |    61 |   191 |   226 |    57 ||   555
         Halberd           |       |    21 |    59 |   286 |   384 |       |       ||   750
         Lance             |       |       |       |       |   374 |   897 |   193 ||  1464
         Punch             |       |       |       |       |     1 |     4 |       ||     5
 Invoke: Call Merchant     |       |       |       |     2 |     6 |     6 |       ||    14
  Evoke: Wand              |       |       |       |       |     1 |    10 |     1 ||    12
         Lightning rod     |       |       |       |       |       |     1 |     1 ||     2
    Use: Potion            |     1 |       |     3 |     3 |    20 |    13 |     9 ||    49
         Scroll            |       |       |       |     2 |    27 |    16 |     2 ||    47
   Stab: Distracted        |       |       |     1 |     4 |     5 |    16 |     2 ||    28
         Confused          |       |       |       |       |       |     2 |       ||     2
 Armour: Scale mail        |    13 |     8 |    19 |    25 |       |       |       ||    65
         Plate armour      |       |       |       |    73 |   174 |       |       ||   247
         Gold dragon scale |       |       |       |       |   169 |   167 |    35 ||   371
  Dodge: Dodged            |    14 |    11 |    17 |    67 |   167 |   109 |    27 ||   412
         Repelled          |       |       |       |       |     7 |     7 |     3 ||    17
  Block: Buckler           |     5 |       |       |       |       |       |       ||     5
         Kite shield       |       |       |       |       |   115 |       |       ||   115
         Tower shield      |       |       |       |       |    21 |   294 |    86 ||   401
